 Dungeon Crawl Stone Soup version 0.20-a0-939-g04f5055 (webtiles) character file.

2741 galech the Grappler (level 9, -18/85 HPs)
             Began as a Troll Monk on Mar 30, 2017.
             Was a Priest of Cheibriados.
             Demolished by a two-headed ogre
             ... wielding a +0 giant club
              (25 damage)
             ... on level 8 of the Dungeon.
             The game lasted 00:07:02 (4687 turns).

galech the Grappler (Troll Monk)                    Turns: 4687, Time: 00:07:02

Health: -18/85     AC:  5    Str: 31    XL:     9   Next: 40%
Magic:  8/8        EV: 14    Int: 13    God:    Cheibriados [***...]
Gold:   307        SH:  0    Dex: 19    Spells: 8/8 levels left

rFire    . . .     SeeInvis .     - Unarmed
rCold    . . .     Gourm    +   (no shield)
rNeg     . . .     Faith    .   a - +0 robe
rPois    .         Spirit   .   (helmet restricted)
rElec    .         Reflect  .   (no cloak)
rCorr    .         Harm     .   (gloves unavailable)
MR       .....                  (boots unavailable)
Stlth    ++++......             (no amulet)
Regen    0.7/turn               y - ring of stealth
MPRegen  0.2/turn               (no ring)

@: very slow
A: unfitting armour, claws 3, fast metabolism 3, gourmand, regeneration 1,
shaggy fur 1, tough skin 2
a: Bend Time, Temporal Distortion, Renounce Religion


You were on level 8 of the Dungeon.
You worshipped Cheibriados.
Cheibriados was most pleased with you.
You were completely stuffed.

You visited 2 branches of the dungeon, and saw 9 of its levels.

You collected 307 gold pieces.

Inventory:

Armour
 a - a +0 robe (worn)
Jewellery
 y - a ring of stealth (left claw)
Wands
 k - a wand of acid (6/15)
 w - a wand of random effects (15/48)
 A - a wand of paralysis (7/24)
 C - a wand of paralysis (19/24)
Scrolls
 c - 2 scrolls of magic mapping {unknown}
 e - 3 scrolls of teleportation {unknown}
 f - 3 scrolls of enchant weapon {unknown}
 h - a scroll of amnesia {unknown}
 j - 4 scrolls of remove curse {unknown}
 l - 4 scrolls of random uselessness {unknown}
 o - a scroll of blinking {unknown}
 p - 3 scrolls of enchant armour {unknown}
 q - 7 scrolls of identify {unknown}
 v - 3 scrolls of immolation {unknown}
 x - a scroll of fog {unknown}
 F - a scroll of noise {unknown}
Potions
 d - 2 potions of might
 n - 3 potions of mutation {unknown}
 r - a potion of lignification {unknown}
 s - a potion of cancellation {unknown}
 t - a potion of haste {unknown}
 u - a potion of ambrosia {unknown}
 z - 2 potions of curing {unknown}
 D - 2 potions of brilliance {unknown}
 E - 2 potions of berserk rage {unknown}
Comestibles
 b - 7 bread rations
 g - 2 meat rations
 i - 3 royal jellies
 m - 6 fruits


   Skills:
 + Level 4.7 Fighting
 + Level 5.8 Dodging
 + Level 4.1 Stealth
 + Level 9.3 Unarmed Combat


You had 8 spell levels left.
You didn't know any spells.

Dungeon Overview and Level Annotations

Branches:
Dungeon (8/15)             Temple (1/1) D:5
   Lair: D:8-11

Altars:
Cheibriados
Elyvilon
Fedhas
Gozag
Hepliaklqana
Makhleb
Okawaru
Qazlal
Sif Muna
Uskayaw
Wu Jian
Zin


Innate Abilities, Weirdness & Mutations

You are too large for most types of armour.
You have claws for hands.
Your metabolism is lightning-fast.
You like to eat raw meat.
Your natural rate of healing is unusually fast.
You are covered in fur. (AC +1)
You have very tough skin. (AC +2)


Message History

You are too injured to fight recklessly!
You are too injured to fight recklessly!
You claw the two-headed ogre!
The two-headed ogre is heavily wounded.
The two-headed ogre hits you with a giant club!
The two-headed ogre hits you with a giant spiked club!
* * * LOW HITPOINT WARNING * * *
You mangle the two-headed ogre!!
The two-headed ogre is almost dead.
You scratch the two-headed ogre but do no damage.
The two-headed ogre is almost dead.
The two-headed ogre hits you with a giant club.
* * * LOW HITPOINT WARNING * * *
The two-headed ogre completely misses you.
You barely miss the two-headed ogre.
The two-headed ogre is almost dead.
You scratch the two-headed ogre.
The two-headed ogre is almost dead.
The two-headed ogre hits you with a giant club!!
You die...

#.#####.# #.#
#.# #.# #.#
#.# #####.#
#)# #.....#
#.# #.#####
#.# #####.#
#O# #.....# ##
#@#####.##..#
#.
#....>......##
#.
#######.#....#
#> #.#.#..# #.
#.#.#..# #.
#.#.#..# #.
#.#.#..# #.
#.#.#..# #.
#..(#..# #.


You could see a two-headed ogre.

Vanquished Creatures
  Pikel (D:5)
  2 hippogriffs (D:7)
  An orc warrior (D:7)
  An ice beast (D:7)
  4 ogres
  A phantom (D:6)
  A centaur (D:6)
  A bullfrog (D:6)
  A scorpion (D:4)
  4 wights (D:6)
  4 howler monkeys
  3 crimson imps
  A quasit (D:7)
  A hound (D:5)
  A bullfrog skeleton (D:6)
  3 orc priests
  Ijyb (D:5)
  Terence (D:2)
  2 iguanas
  4 worker ants
  3 orc wizards
  A killer bee zombie (D:5)
  7 gnolls
  8 adders
  3 oozes
  An adder zombie (D:7)
  3 adder skeletons (D:4)
  2 worms (D:3)
  2 dart slugs
  5 leopard geckos
  11 orcs
  A giant cockroach (D:2)
  5 hobgoblins
  2 jackals (D:4)
  6 kobolds
  3 quokkas
  2 ball pythons
  5 bats
  A frilled lizard (D:4)
  3 goblins (D:2)
  5 rats
117 creatures vanquished.

Vanquished Creatures (others)
  A bullfrog zombie (D:5)
1 creature vanquished.

Grand Total: 118 creatures vanquished

Notes
Turn   | Place    | Note
-------+----------+-------------------------------------------
     0 | D:1      | galech the Troll Monk began the quest for the Orb.
     0 | D:1      | Reached XP level 1. HP: 23/23 MP: 0/0
   618 | D:1      | Reached XP level 2. HP: 30/31 MP: 1/1
   774 | D:2      | Noticed Terence
   792 | D:2      | Killed Terence
   792 | D:2      | Reached XP level 3. HP: 37/37 MP: 2/2
   864 | D:2      | Found a white marble altar of Elyvilon.
  1029 | D:2      | Reached skill level 1 in Unarmed Combat
  1400 | D:2      | Reached XP level 4. HP: 35/46 MP: 3/3
  1538 | D:3      | Found an opulent altar of Gozag.
  1605 | D:3      | Found a stormy altar of Qazlal.
  1705 | D:3      | Reached skill level 2 in Unarmed Combat
  1712 | D:3      | Reached XP level 5. HP: 44/54 MP: 4/4
  2128 | D:4      | Reached skill level 3 in Unarmed Combat
  2510 | D:4      | Reached XP level 6. HP: 62/62 MP: 5/5
  2676 | D:5      | Entered Level 5 of the Dungeon
  2677 | D:5      | Reached skill level 4 in Unarmed Combat
  2744 | D:5      | Noticed Ijyb
  2761 | D:5      | Killed Ijyb
  2761 | D:5      | Reached XP level 7. HP: 49/68 MP: 6/6
  2855 | D:5      | Noticed Pikel
  2869 | D:5      | Killed Pikel
  2869 | D:5      | Reached skill level 5 in Dodging
  2869 | D:5      | Reached skill level 6 in Unarmed Combat
  3157 | D:5      | Found a staircase to the Ecumenical Temple.
  3166 | Temple   | Entered the Ecumenical Temple
  3184 | Temple   | Became a worshipper of Cheibriados the Contemplative
  3184 | Temple   | Reached * piety under Cheibriados
  3184 | Temple   | Reached ** piety under Cheibriados
  3339 | D:6      | Reached XP level 8. HP: 66/78 MP: 7/7
  3365 | D:6      | Found a blossoming altar of Fedhas.
  3435 | D:6      | Reached skill level 7 in Unarmed Combat
  3827 | D:6      | Found a hide-covered altar of Uskayaw.
  4025 | D:7      | Reached skill level 8 in Unarmed Combat
  4059 | D:7      | Found a burning altar of Makhleb.
  4083 | D:7      | Reached *** piety under Cheibriados
  4093 | D:7      | Reached XP level 9. HP: 59/85 MP: 8/8
  4190 | D:7      | Reached skill level 9 in Unarmed Combat
  4557 | D:8      | Found a glowing silver altar of Zin.
  4557 | D:8      | Noticed an angel
  4679 | D:8      | Noticed a two-headed ogre
  4687 | D:8      | Demolished by a two-headed ogre

Vault maps used:
D:1:      dpeg_arrival_rhombus
D:2:      old_standard_altar, serial_curves, eino_curves_02, eino_curves_01,
          minmay_unequal, uniq_terence
D:3:      nicolae_overflow_hidden_temple, first_bread,
          nicolae_gozag_seed_capital
D:5:      minmay_temple_entry_grid, uniq_pikel, uniq_iyjb
D:6:      basic_altar, fedhas_altar_fruit_tree
D:7:      basic_altar
D:8:      zin_angel
Temple:   regret_index_temple_mists

Skill      XL: |  1  2  3  4  5  6  7  8  9 |
---------------+----------------------------+-----
Unarmed Combat | 1 2 3 4 6 8 9 |  9.3
Dodging        | 4 5 |  5.8
Fighting       | 4 |  4.7
Stealth        | 3 4 |  4.1

Action                   |  1- 3 |  4- 6 |  7- 9 || total
-------------------------+-------+-------+-------++-------
Melee: Unarmed           |   103 |   138 |   137 ||   378
       Punch             |       |     4 |     6 ||    10
 Stab: Sleeping          |     2 |     6 |     6 ||    14
       Distracted        |       |     1 |       ||     1
  Eat: Chunk             |    17 |    14 |    13 ||    44
Armor: Robe              |    31 |    23 |    17 ||    71
Dodge: Dodged            |    61 |    79 |    77 ||   217
